Map: Ever Dream LE

Players

MarineLorD - Winner!

  • Race: Terran Terran
  • Spawn Location: 1:00

soul

  • Race: Terran Terran
  • League: Master
  • Spawn Location: 7:00

Event: DreamHack SC2 Masters 2020 Summer Europe

VOD

Have the link to the VOD?

Description

Time

  • Played on: July 5, 2020, 10:15 a.m.
  • Length: 13:30

All games in this series

Show
View Real Time Build Order
Export as new Build Order

MarineLorD Terran - Winner!

Build Orders: Gas First Reaper Expand 

Get SALT Encoding   

  12  0:00  SCV  
  13  0:13  SCV  
  14  0:17  Supply Depot  
  14  0:25  SCV  
  14  0:28  Refinery  
  15  0:38  SCV  
  16  0:43  Barracks  
  16  0:50  SCV  
  17  1:02  SCV  
  18  1:14  SCV  
  19  1:29  Orbital Command  
  19  1:30  Reaper  
  20  1:43  Command Center  
  20  1:51  Factory  
  20  1:55  SCV  
  21  2:04  Supply Depot  
  21  2:07  SCV  
  22  2:09  Barracks Reactor  
  22  2:15  Refinery  
  22  2:20  SCV  
  23  2:32  SCV  
  24  2:38  Hellion  
  24  2:41  Starport  
  24  2:44  SCV  
  27  2:45  Marine x2  
  29  2:56  SCV, Orbital Command  
  30  2:59  Factory Tech Lab  
  30  3:03  Marine x2  
  32  3:08  SCV  
  33  3:21  Marine x2  
  33  3:22  Orbital Command  
  33  3:23  Cyclone  
  38  3:27  SCV  
  38  3:33  Starport Tech Lab  
  39  3:36  Refinery  
  39  3:39  SCV  
  40  3:41  Supply Depot  
  40  3:48  SCV  
  41  3:51  SCV, Raven  
  44  4:00  SCV  
  45  4:03  SCV, Supply Depot  
  45  4:06  Siege Tank  
  45  4:09  Marine  
  50  4:10  Marine  
  50  4:12  SCV  
  50  4:16  SCV  
  53  4:17  Supply Depot  
  53  4:24  SCV  
  53  4:27  Marine  
  53  4:28  SCV, Marine  
  57  4:32  Supply Depot  
  57  4:35  Raven  
  57  4:36  SCV  
  60  4:40  SCV  
  61  4:46  Siege Tank  
  61  4:48  SCV  
  61  4:52  SCV  
  66  4:55  Supply Depot  
  66  5:00  Command Center, Marine x2  
  66  5:03  SCV  
  66  5:04  SCV  
  70  5:09  Supply Depot  
  70  5:15  SCV  
  70  5:16  SCV  
  70  5:18  Raven  
  70  5:20  Marine x2  
  76  5:27  SCV, Refinery  
  76  5:28  SCV, Siege Tank  
  80  5:34  Supply Depot  
  81  5:40  Marine x2  
  81  5:42  SCV x2  
  85  5:43  Barracks  
  85  5:45  Barracks  
  85  5:54  SCV x2  
  87  6:00  Engineering Bay, Siege Tank  
  87  6:02  Engineering Bay  
  90  6:15  SCV  
  90  6:17  SCV  
  92  6:19  Viking x2  
  92  6:20  Marine  
  92  6:21  Stimpack  
  97  6:27  SCV, Supply Depot  
  97  6:28  Terran Infantry Weapons Level 1  
  97  6:29  SCV  
  97  6:31  Terran Infantry Armor Level 1  
  99  6:35  Orbital Command  
  99  6:39  SCV  
  100  6:44  SCV  
  101  6:49  Viking x2  
  101  6:51  Siege Tank  
  101  6:53  SCV  
  109  6:56  Barracks Reactor  
  109  7:00  Barracks Reactor, Marine  
  110  7:01  SCV  
  110  7:02  SCV  
  110  7:05  Supply Depot  
  110  7:06  SCV, Supply Depot  
  113  7:14  SCV x2  
  115  7:19  Viking x2  
  115  7:20  Refinery x2  
  115  7:21  Supply Depot  
  115  7:22  Marine  
  120  7:25  Siege Tank  
  120  7:27  SCV x3  
  126  7:31  Barracks  
  126  7:34  Barracks  
  126  7:39  SCV x2  
  126  7:40  SCV  
  129  7:45  Supply Depot, Marine x4, Sensor Tower  
  129  7:46  Marine  
  134  7:51  SCV x2  
  134  7:52  SCV  
  137  8:00  Siege Tank  
  137  8:03  Medivac x2, Marine x2  
  146  8:12  Marine x3  
  149  8:17  Armory  
  149  8:19  Command Center  
  149  8:20  Combat Shield, Marine  
  149  8:21  Supply Depot, Marine  
  149  8:22  Barracks Reactor  
  149  8:26  Barracks Reactor, Missile Turret  
  151  8:30  Marine x2  
  151  8:32  Siege Tank  
  154  8:35  Medivac  
  154  8:41  Supply Depot x2  
  156  8:42  Medivac  
  156  8:47  Missile Turret, Marine x2  
  160  8:53  Marine  
  161  8:56  Marine x2  
  161  8:59  Marine x2  
  165  9:04  Marine x2  
  165  9:05  Marine x2  
  165  9:06  Barracks  
  165  9:09  Missile Turret, Siege Tank  
  172  9:11  Marine  
  172  9:12  Viking  
  172  9:13  Viking, Marine  
  172  9:14  Marine  
  178  9:17  Marine x2  
  178  9:21  Marine x2  
  178  9:22  Marine x2  
  181  9:24  Terran Vehicle Weapons Level 1, Terran Infantry Weapons Level 2  
  181  9:25  Terran Infantry Armor Level 2  
  181  9:29  Supply Depot x2  
  181  9:30  Marine  
  182  9:31  Marine  
  182  9:35  Missile Turret  
  182  9:37  Command Center  
  183  9:40  Marine x3  
  186  9:45  Marine  
  186  9:46  Marine x2  
  186  9:48  Marine x2  
  186  9:49  Marine  
  188  9:55  SCV x3  
  191  10:00  Planetary Fortress  
  191  10:07  Refinery, Marine x2, Siege Tank  
  191  10:08  Marine x2  
  191  10:09  Refinery  
  191  10:13  Missile Turret  
  198  10:15  Barracks Reactor  
  198  10:17  Marine  
  198  10:18  Marine  
  200  10:23  Marine x2  
  199  10:32  Marine  
  194  11:01  Viking x2, Marine x2  
  194  11:03  Marine x2  
  185  11:06  Marine x2  
  185  11:09  Siege Tank  
  190  11:14  Command Center  
  190  11:15  Barracks Reactor  
  190  11:17  Barracks  
  190  11:18  Barracks  
  189  11:20  Barracks  
  149  11:26  Marine x3  
  149  11:29  Marine x2  
  149  11:31  Marine x5  
  152  11:37  Factory  
  150  11:40  SCV x2  
  150  11:41  SCV, Siege Tank  
  150  11:44  Marine x3  
  150  11:45  Command Center, Sensor Tower  
  150  11:46  Marine  
  150  11:47  Marine, Liberator x2  
  160  11:48  Marine x2  
  160  11:52  SCV  
  160  11:53  SCV  
  171  12:01  Marine x3  
  171  12:02  Marine  
  171  12:05  Marine  
  171  12:06  Marine x7  
  171  12:07  Marine x2  
  185  12:10  Marine  
  185  12:15  Siege Tank  
  189  12:19  Marine x4  
  192  12:23  Marine x3  
  192  12:24  Marine x4  
  192  12:25  Marine  
  200  12:35  Planetary Fortress  
  200  12:43  Command Center  
  200  12:46  Marine  
  196  12:58  Marine x2  
  196  12:59  Marine x2  
  196  13:01  Marine x2  
  196  13:04  Marine x2  
  192  13:05  Marine  
  192  13:06  Marine x4  
Show
View Real Time Build Order
Export as new Build Order

soul Terran 

Build Orders:  

Get SALT Encoding   

  12  0:01  SCV  
  13  0:13  SCV  
  14  0:16  Supply Depot  
  14  0:25  SCV  
  15  0:33  Refinery  
  15  0:38  SCV  
  16  0:43  Barracks  
  16  0:50  SCV  
  17  1:01  Refinery  
  17  1:02  SCV  
  18  1:14  SCV  
  19  1:32  Orbital Command, Factory  
  19  1:42  Reaper  
  19  1:43  Supply Depot  
  20  1:58  SCV  
  21  2:11  SCV  
  21  2:14  Reaper  
  23  2:17  Hellion  
  25  2:23  SCV  
  25  2:26  Command Center  
  26  2:35  SCV  
  27  2:38  Hellion  
  27  2:43  Supply Depot  
  29  2:46  Barracks Reactor  
  29  2:47  SCV  
  30  2:55  Starport  
  30  2:59  SCV  
  30  3:02  Factory Tech Lab  
  31  3:11  SCV  
  32  3:18  Refinery  
  32  3:22  Cyclone, Marine  
  32  3:23  SCV, Marine  
  38  3:34  Starport Tech Lab  
  38  3:35  SCV  
  38  3:39  Orbital Command  
  39  3:41  Marine  
  39  3:44  Marine  
  39  3:47  SCV  
  42  3:50  Supply Depot  
  42  3:54  Raven  
  44  3:59  SCV  
  45  4:04  Siege Tank  
  45  4:05  Marine  
  45  4:09  Marine  
  50  4:12  SCV  
  50  4:14  SCV  
  52  4:18  Supply Depot  
  52  4:23  Marine  
  53  4:24  SCV  
  53  4:26  SCV  
  55  4:32  Supply Depot  
  55  4:36  SCV  
  55  4:37  Raven  
  55  4:38  SCV  
  59  4:40  Siege Tank  
  62  4:47  Marine x2  
  62  4:49  SCV  
  62  4:50  SCV  
  66  4:54  Supply Depot  
  66  4:55  Supply Depot  
  66  5:01  SCV  
  66  5:02  SCV  
  68  5:09  Command Center  
  68  5:13  SCV  
  69  5:14  SCV  
  70  5:22  Siege Tank  
  70  5:25  SCV  
  70  5:26  SCV  
  75  5:33  Viking, Refinery  
  77  5:36  Viking  
  77  5:37  SCV  
  77  5:38  Stimpack  
  77  5:41  SCV  
  81  5:44  Supply Depot  
  81  5:49  SCV  
  82  5:53  SCV, Marine  
  82  5:54  Siege Tank  
  87  6:01  SCV  
  88  6:10  SCV  
  89  6:11  Viking  
  89  6:12  Barracks  
  89  6:14  Viking, Barracks  
  89  6:17  SCV, Marine  
  95  6:22  Orbital Command  
  95  6:28  Siege Tank  
  98  6:41  Viking  
  98  6:43  SCV x2, Engineering Bay  
  98  6:44  Viking, Engineering Bay  
  98  6:46  Orbital Command  
  104  6:50  Marine  
  104  6:51  Supply Depot x2  
  105  6:55  SCV  
  105  6:56  SCV  
  107  7:03  Barracks Reactor x2, Barracks  
  107  7:04  Barracks  
  107  7:08  SCV  
  108  7:09  Siege Tank  
  108  7:14  SCV  
  108  7:15  SCV  
  113  7:17  Terran Infantry Weapons Level 1, Terran Infantry Armor Level 1  
  113  7:20  SCV, Combat Shield  
  113  7:21  Marine  
  115  7:27  SCV x2  
  117  7:33  Armory  
  117  7:35  Medivac  
  119  7:37  Refinery  
  119  7:38  Refinery, Marine  
  119  7:39  SCV  
  119  7:42  Medivac  
  123  7:44  Marine x4  
  123  7:49  SCV  
  123  7:50  SCV  
  129  7:51  SCV  
  129  7:56  Barracks Reactor x2, Marine  
  130  8:02  Supply Depot x3, Marine  
  130  8:03  SCV, Marine  
  133  8:20  Command Center  
  133  8:23  Medivac x2, Marine x4  
  133  8:24  Marine  
  133  8:26  Supply Depot x2  
  142  8:29  Siege Tank  
  142  8:33  Marine  
  146  8:38  Marine x2  
  146  8:39  Marine  
  149  8:41  Marine x5  
  149  8:43  Terran Vehicle Weapons Level 1  
  154  8:51  Marine  
  150  8:56  Marine x2  
  150  8:57  Marine  
  150  9:01  Siege Tank  
  156  9:03  Marine  
  156  9:04  Marine x2  
  156  9:06  Marine  
  156  9:07  Marine  
  156  9:08  Supply Depot  
  156  9:09  Supply Depot  
  161  9:13  Marine  
  161  9:16  Marine x2  
  164  9:17  Marine  
  164  9:20  Terran Infantry Armor Level 2, Terran Infantry Weapons Level 2  
  164  9:21  Marine x2  
  164  9:22  Marine  
  164  9:23  Marine  
  168  9:25  Marine  
  168  9:31  Marine, Factory  
  169  9:33  Siege Tank  
  169  9:34  Marine x2  
  169  9:35  Marine  
  176  9:39  Marine x2  
  176  9:40  Marine  
  176  9:41  Marine  
  176  9:43  SCV x3  
  170  9:55  SCV x2  
  170  9:58  Starport, Marine  
  170  9:59  Marine x3  
  174  10:01  Starport  
  174  10:05  Siege Tank  
  177  10:07  Marine x2  
  177  10:12  Marine  
  174  10:22  Marine  
  174  10:24  Marine x3  
  174  10:25  Planetary Fortress  
  174  10:26  Marine x4  
  180  10:29  Marine  
  180  10:39  Marine  
  180  10:42  Marine x3  
  184  10:44  Marine x3  
  184  10:45  Marine  
  184  10:46  Factory Tech Lab  
  184  10:47  Marine  
  188  10:54  Command Center  
  186  10:57  Marine  
  186  10:59  Marine x3  
  186  11:01  Marine  
  186  11:02  Marine x2  
  186  11:03  Marine  
  172  11:08  Marine  
  172  11:09  Refinery  
  172  11:10  Refinery, Starport Tech Lab x2  
  171  11:13  Command Center  
  171  11:15  Marine  
  171  11:17  Marine x3  
  175  11:19  Marine x3  
  175  11:20  Marine  
  144  11:26  Marine  
  144  11:28  Medivac x2, Siege Tank  
  120  11:33  Marine  
  120  11:35  Marine x3  
  120  11:37  Marine x3  
  120  11:38  Marine  
  120  11:39  Raven x2  
  126  11:40  Corvid Reactor  
  126  11:42  Siege Tank  
  126  11:44  Marine  
  130  11:52  Marine  
  130  11:53  Marine x3  
  134  11:55  Marine  
  134  11:57  Marine  
  134  11:58  Marine x2  
  134  12:00  Siege Tank  
  141  12:02  Marine  
  141  12:06  Medivac  
  143  12:10  Marine  
  143  12:11  Marine x3  
  143  12:13  Marine  
  143  12:14  Marine, Siege Tank  
  152  12:15  Marine  
  152  12:16  Marine  
  152  12:20  Marine  
  152  12:22  Raven x2  
  155  12:28  Marine x2  
  157  12:31  Marine x3  
  157  12:32  Marine, Siege Tank  
  157  12:33  Marine x2  
  160  12:48  Siege Tank  
  160  12:49  Marine  
  160  12:50  Marine x6  
  170  12:51  Marine x2  
  131  13:07  Marine x5  
  131  13:10  Marine x4  
Tags
 
Add a new tag
Caveats
  • Supply blocks, unpowered buildings, or Contaminate may cause inaccurate times.
  • Supply counts are checked every 10 seconds.